 Dungeon Crawl Stone Soup version 0.20-a0-61-ga1b20b4 (webtiles) character file.

820158 shitimlost the Slayer (level 27, -7/176 HPs)
             Began as a Gargoyle Gladiator on Nov 11, 2016.
             Was the Champion of Qazlal.
             Splashed by Juupalua the pandemonium lord's acid (13 damage)
             ... on level 14 of the Dungeon on Nov 18, 2016.
             The game lasted 08:28:23 (90310 turns).

shitimlost the Slayer (Gargoyle Gladiator)         Turns: 90310, Time: 08:28:23

Health: -7/176     AC: 35    Str: 23    XL:     27
Magic:  39/39      EV: 19    Int: 10    God:    Qazlal [******]
Gold:   4591       SH:  8    Dex: 14    Spells: 1 memorised, 21 levels left

rFire  + + .     SeeInvis +     u - +9 lajatang (vamp)
rCold  + . .     Gourm    .     E - +8 chain mail {rF+}
rNeg   + . .     Faith    +     (shield currently unavailable)
rPois  ∞         Spirit   .     s - +0 mask of the Dragon {MR+ Slay+3 SInv}
rElec  +         Reflect  .     V - +0 cloak of the Lich-sworn {MR+}
rCorr  .         Harm     .     r - +3 pair of gauntlets of War {Slay+5}
MR     ++++.     Rnd*Rage +     G - +2 pair of boots {run}
Stlth  ..........               y - amulet of faith
                                K - ring "Heqaracw" {rF+ rC+ Slay+2}
                                S - +5 ring of slaying

@: protected from physical damage, corroded, flying, silenced, repel missiles,
quick
A: big wings, horns 1, berserk 1, deformed body, dopey 1, frail 1, negative
energy resistance 1, electricity resistance, weak 1, unbreathing, petrification
resistance, rot immunity, subdued magic 1, AC +20
a: Stop Flying, Renounce Religion
0: Orb of Zot
}: 4/15 runes: decaying, serpentine, slimy, silver


You were on level 14 of the Dungeon.
You worshipped Qazlal.
Qazlal was exalted by your worship.
You were not hungry.

You visited 14 branches of the dungeon, and saw 60 of its levels.
You visited the Abyss 2 times.
You visited 1 ziggurat, and saw 11 of its levels.
You also visited: Trove, Ossuary, Bailey and Ice Cave.

You collected 8604 gold pieces.
You spent 4013 gold pieces at shops.

Inventory:

Hand Weapons
 u - a +9 vampiric lajatang (weapon)
Missiles
 b - 11 javelins of returning
 p - 9 javelins (quivered)
 N - 14 silver javelins
Armour
 r - the +3 pair of gauntlets of War (worn) {Slay+5}
   (You bought it in a shop on level 1 of the Snake Pit)

   It affects your accuracy and damage with ranged weapons and melee attacks
   (+5).
 s - the +0 mask of the Dragon (worn) {MR+ Slay+3 SInv}
   (You bought it in a shop on level 1 of the Elven Halls)

   It affects your accuracy and damage with ranged weapons and melee attacks
   (+3).
   It affects your resistance to hostile enchantments.
   It lets you see invisible.
 E - a +8 chain mail of fire resistance (worn)
 G - a +2 pair of boots of running (worn)
 V - the +0 cloak of the Lich-sworn (worn) {MR+}
   (You found it on level 2 of the Swamp)

   It affects your resistance to hostile enchantments.
Jewellery
 y - an amulet of faith (around neck)
 K - the ring "Heqaracw" (right hand) {rF+ rC+ Slay+2}
   (You found it on level 5 of a ziggurat)

   [ring of protection from fire]

   It affects your accuracy and damage with ranged weapons and melee attacks
   (+2).
   It protects you from fire.
   It protects you from cold.
 S - a +5 ring of slaying (left hand)
Wands
 f - a wand of lightning (3/15)
 t - a wand of disintegration (6/24)
 x - a wand of iceblast (9/15)
 D - a wand of heal wounds (0/9)
 I - a wand of heal wounds (1/9)
 P - a wand of iceblast (1/15)
 Q - a wand of hasting (2/9)
 R - a wand of teleportation (5/9)
 U - a wand of iceblast (8/15)
 X - a wand of acid (6/15)
Scrolls
 g - 9 scrolls of blinking
 k - 29 scrolls of remove curse
 m - a scroll of recharging
 o - 5 scrolls of holy word
 v - a scroll of summoning
 z - 5 scrolls of identify
 L - a scroll of enchant armour
 O - 4 scrolls of magic mapping
 Z - 9 scrolls of teleportation
Potions
 a - 5 potions of magic
 c - 2 potions of cure mutation
 j - 2 potions of agility
 n - 3 potions of might
 w - 18 potions of curing
 M - 2 potions of ambrosia
 T - 2 potions of berserk rage
Miscellaneous
 d - a fan of gales
 e - a lamp of fire (inert)
 h - a phantom mirror
 i - a fan of gales
 l - 8 boxes of beasts
 q - the horn of Geryon
 A - a fan of gales
 B - a lamp of fire (inert)
 F - a lamp of fire (inert)
 W - a lamp of fire (inert)
Comestibles
 C - 10 meat rations
 H - 8 beef jerkies


   Skills:
 + Level 26.5 Fighting
   Level 0.5 Axes
 - Level 21.1 Staves
   Level 18.1 Crossbows
 - Level 20.4 Throwing
 - Level 15.0 Armour
 - Level 19.0 Dodging
 - Level 1.0 Stealth
 - Level 1.7 Unarmed Combat
 - Level 10.8 Earth Magic
 + Level 25.2 Invocations
 - Level 16.2 Evocations


You had 21 spell levels left.
You knew the following spells:

 Your Spells              Type           Power        Failure   Level  Hunger
a - Lee's Rapid Deconstr  Erth           ###.......   61%         5    ######.


Dungeon Overview and Level Annotations

Branches:
Dungeon (15/15)            Temple (0/1) D:7            Lair (6/6) D:9
  Swamp (4/4) Lair:3        Snake (4/4) Lair:4        Slime (5/5) Lair:5
    Orc (2/2) D:11            Elf (3/3) Orc:2        Vaults (5/5) D:14
  Crypt (3/3) Vaults:2       Tomb (1/3) Crypt:3      Depths (5/5) D:15
   Hell (1/1)                 Dis (0/7) Hell            Geh (1/7) Hell
    Coc (0/7) Hell            Tar (0/7) Hell            Zot (5/5) Depths:5

Altars:
Ashenzari
Cheibriados
Dithmenos
Gozag
Kikubaaqudgha
Nemelex Xobeh
Okawaru
Qazlal
Ru
Sif Muna
Trog
Vehumet
Xom
Yredelemnul
Beogh

Shops:
D:4 }   D:6 [   D:8 =   D:13 }   D:15 *([   Orc:1 =   Orc:2 ?}}=   Elf:1 *[:
Elf:2 *%*=   Elf:3 (=}=   Snake:1 :%[[   Snake:3 %   Vaults:1 :   Vaults:2 ?
Vaults:3 *   Vaults:4 (   Depths:3 *

Portals:
Hell: Depths:1 Depths:2 Depths:3 Depths:4 Depths:5
Abyss: Depths:4 Depths:5
Pandemonium: Depths:3


Innate Abilities, Weirdness & Mutations

You are resistant to torment.
Your stone body is resilient. (AC +20)
You are immune to poison.
Your large and strong wings let you fly indefinitely.
You resist negative energy. (rN+)
You are resistant to electric shocks. (rElec)
You can survive without breathing.
You are immune to petrification.
You are immune to rotting.
You have a pair of small horns on your head.
You tend to lose your temper in combat.
Armour fits poorly on your strangely shaped body.
You are dopey. (Int -2)
You are frail. (-10% HP)
You are weak. (Str -2)
Your spells are a little easier to cast, but a little less powerful.


Message History

Your body is wracked with pain!
* * * LOW HITPOINT WARNING * * *
Evoke which item? (* to show all) (? for menu, Esc to quit)
Zapping:
I - a wand of heal wounds (2/9)
Press: ? - help, Shift-Dir - straight line, f - you You feel much better.
This wand has 1 charge left.
Juupalua barely misses you. The red devil misses you.
Evoke which item? (* to show all) (? for menu, Esc to quit)
Aim the lamp in which direction?
Press: ? - help, Dir - move target cursor, f - Juupalua
Aim: Juupalua (silenced, severely wounded, radiating silence)
The flames dance!
The trail of fire hits Juupalua.
Juupalua is almost dead.
The trail of fire hits Juupalua.
Juupalua is almost dead.
Juupalua gestures at you. The bolt of acid hits you!
* * * LOW HITPOINT WARNING * * *
The acid corrodes you!
You are splashed with acid!
The acid burns!
You die...

..........# #.#####†#.# #.#
..........###.......#.# #(#
.........)..#########.####.#
.................####....#(#
........)###.............#(#
.........# #...............#
.........#
#...§§.......##.######
......)..#
#..§..§..!...##.......
.........#
#..§§@§5.....##.......
.........#
#..§&§§<.....##..#####
.........#
#.§.§4§......##..#
..)......#
#.§§.........##..#
.........#
#§§..............#
.........#
#§...............#
.........#
#§##..#########..#
.........# #.....# #..#
.........# ####..# #..#


You could see Juupalua, a red devil and a crimson imp.

Vanquished Creatures
  Dissolution (Slime:3)
  the Royal Jelly (Slime:5)
  6 orbs of fire
  Mara (Tomb:1)
  4 ancient liches
  The ghost of wtface the Executioner, a legendary FoFi of Uskayaw (Vaults:5)
  Sojobo (Crypt:1)
  2 greater mummies (Tomb:1)
  Bai Suzhen (Swamp:4)
  Frederick (Vaults:5)
  3 curse toes
  Geryon (Hell)
  13 golden dragons
  7 Killer Klowns
  Jory (Depths:2)
  A profane servitor (Crypt:2)
  2 bone dragons
  2 Brimstone Fiends (Geh:1)
  4 electric golems
  14 tentacled monstrosities
  An Ice Fiend (Zot:5)
  5 liches
  A hellephant (Depths:2)
  21 Orb Guardians (Zot:5)
  8 quicksilver dragons
  Rupert (D:14)
  3 deep elf master archers
  3 deep elf blademasters
  29 acid blobs
  6 sphinxes
  12 death cobs
  3 titans (Vaults:5)
  An eldritch tentacle (Geh:1)
  A tentacled starspawn (Abyss:2)
  10 ancient champions
  23 storm dragons
  14 shadow dragons
  12 draconian monks
  5 tengu reavers
  14 azure jellies
  8 revenants
  13 fire giants
  11 frost giants
  Aizul (Depths:1)
  2 ghost moths
  7 draconian knights
  6 deep elf sorcerers
  An emperor scorpion (Zig:10)
  13 nagarajas
  7 draconian scorchers
  9 draconian zealots
  A cacodemon (Depths:1)
  A deep elf elementalist (Elf:3)
  4 balrugs
  6 curse skulls
  8 reapers
  14 vault wardens
  5 draconian shifters
  15 ghouls
  A caustic shrike zombie (Crypt:2)
  6 draconian annihilators
  2 entropy weavers
  11 ironheart preservers
  5 draconian callers
  A caustic shrike skeleton (Crypt:1)
  25 stone giants
  7 green draconians
  4 war gargoyles
  A lorocyproca (Zig:4)
  6 bennus (Tomb:1)
  16 very ugly things
  5 deep elf demonologists
  Nessos (Lair:6)
  17 vampire knights
  15 purple draconians
  10 yellow draconians
  17 mottled draconians
  18 black draconians
  19 spark wasps
  12 red draconians
  11 deep elf annihilators
  16 white draconians
  16 ettins
  4 merfolk javelineers
  A blizzard demon (Depths:1)
  Snorg (Lair:6)
  The ghost of Faca the Basher, a journeyman MfBe of Trog (Orc:2)
  18 deep elf death magi
  Josephine (D:13)
  A merfolk impaler (Zig:7)
  4 eidola
  8 fire dragons
  4 death oozes
  A crystal guardian (Vaults:4)
  21 yaktaur captains
  13 jiangshi
  9 mummy priests
  11 ogre magi
  17 great orbs of eyes
  A kraken zombie (Hell)
  The ghost of GlassEater the Slicer, a journeyman KoFi of Trog (D:10)
  2 rakshasas
  38 vault guards
  6 deep elf high priests
  21 hydras
  Erolcha (D:10)
  16 ice dragons
  27 naga warriors
  3 spriggan air magi
  A quicksilver dragon skeleton (Geh:1)
  A ghost crab (Swamp:2)
  15 centaur warriors
  3 catoblepae (Lair:6)
  8 anacondas
  7 large abominations
  10 death scarabs (Tomb:1)
  5 death knights
  A queen ant (shapeshifter) (Vaults:5)
  13 vampire magi
  7 hell hogs
  10 spriggan berserkers
  17 deep troll shamans
  4 thrashing horrors (Abyss:2)
  8 death yaks
  20 dancing weapons
  31 hell knights
  13 alligators
  20 naga sharpshooters
  11 deep troll earth magi
  7 shock serpents
  4 orc high priests
  2 titan zombies (Hell)
  2 iron golems (Depths:1)
  14 small abominations
  8 soul eaters
  18 deep elf knights
  8 shadow wraiths
  Nergalle (D:10)
  2 titan skeletons
  13 sun demons
  Sonja (D:11)
  A storm dragon zombie (Geh:1)
  26 skeletal warriors
  2 sixfirhies
  5 salamander mystics
  A spatial maelstrom (Abyss:2)
  10 iron trolls
  A fire crab (shapeshifter) (Vaults:4)
  34 deep trolls
  A storm dragon skeleton (Geh:1)
  2 sea snakes
  4 spriggan druids
  A wretched star (Abyss:2)
  6 flayed ghosts
  A spark wasp zombie (Zig:5)
  An unseen horror (shapeshifter) (Depths:3)
  A swamp dragon (shapeshifter) (Vaults:4)
  2 orange crystal statues
  2 anaconda zombies (Hell)
  4 naga ritualists
  24 deep elf archers
  5 glowing orange brains
  A hill giant (shapeshifter) (Depths:3)
  5 shambling mangroves
  3 unseen horrors
  8 hill giants
  3 wizards
  14 swamp dragons
  An anaconda skeleton (Crypt:3)
  16 ironbrand convokers
  15 phantasmal warriors
  15 orc knights
  A golden dragon skeleton (Geh:1)
  5 mana vipers
  A wolf spider zombie (Crypt:3)
  3 lindwurms (Swamp:4)
  9 necromancers
  5 harpies
  6 orc sorcerers
  9 wolf spiders
  A stone giant zombie (Depths:2)
  A cyclops (shapeshifter) (Vaults:5)
  5 shining eyes
  5 orb spiders
  A shadow dragon skeleton (Geh:1)
  2 tengu skeletons
  60 deep elf magi
  A salamander (shapeshifter) (Vaults:4)
  8 cyclopes
  8 frost giant zombies
  3 fire giant zombies
  18 salamanders
  59 ugly things
  3 fauns (Zig:7)
  Maurice (D:10)
  25 moths of wrath
  2 iron dragon skeletons
  2 worldbinders (Abyss:2)
  A shock serpent zombie (Geh:1)
  11 vault sentinels
  16 naga magi
  11 rust devils
  A water nymph (Zig:7)
  4 smoke demons
  2 merfolk sirens (Zig:7)
  4 orange demons
  An eye of devastation (Zig:9)
  2 molten gargoyles (Hell)
  An apocalypse crab (Abyss:2)
  7 guardian serpents (Snake:4)
  31 black mambas
  5 spectral swamp worms (Depths:1)
  3 hellions
  5 torpor snails
  A gargoyle (D:12)
  3 kobold demonologists
  2 rime drakes
  9 komodo dragons
  18 spiny frogs
  A yaktaur (shapeshifter) (Vaults:1)
  A dire elephant skeleton (Geh:1)
  2 spark wasp simulacra (Depths:2)
  A black draconian zombie (Crypt:1)
  2 demonic crawlers
  A spiny frog (shapeshifter) (Elf:2)
  50 yaktaurs
  2 anaconda simulacra
  A komodo dragon (shapeshifter) (Vaults:3)
  3 efreet
  A tormentor (Depths:1)
  A white draconian skeleton (Crypt:1)
  14 freezing wraiths
  10 guardian mummies
  3 ice devils
  3 tengu conjurers (Depths:2)
  A hellwing (Zot:5)
  A purple draconian skeleton (Crypt:1)
  6 trolls
  3 catoblepas skeletons
  3 polar bears
  2 harpy zombies (Geh:1)
  5 red devils
  A queen bee (D:13)
  8 merfolk (Zig:7)
  An iron troll skeleton (Crypt:1)
  3 jumping spiders
  6 tyrant leeches
  3 meliai (D:13)
  A hornet (shapeshifter) (Vaults:2)
  A tengu simulacrum (Depths:2)
  140 slime creatures
  A jumping spider (shapeshifter) (Vaults:4)
  3 hydra skeletons
  A tyrant leech (shapeshifter) (Depths:5)
  2 ice dragon zombies (Geh:1)
  17 hornets
  21 two-headed ogres
  2 fire dragon zombies (Geh:1)
  A wind drake (Zig:7)
  An alligator zombie (Hell)
  An iron dragon simulacrum (Depths:2)
  8 bog bodies
  A tarantella zombie (Crypt:2)
  8 blink frogs
  A dream sheep (shapeshifter) (Depths:2)
  A raiju (shapeshifter) (Vaults:2)
  A stone giant simulacrum (Abyss:2)
  11 hippogriffs
  An alligator skeleton (Hell)
  17 flying skulls
  2 spriggan zombies (Depths:2)
  7 air elementals
  A redback (Zig:8)
  7 spriggans
  3 fire bats
  6 shadows
  6 ushabtiu
  4 vampires
  A spriggan (shapeshifter) (Vaults:3)
  5 tarantellas
  6 wyverns
  37 yaks
  A tyrant leech zombie (Crypt:3)
  A yak (shapeshifter) (D:14)
  18 wraiths
  3 ynoxinuls
  16 humans
  7 water elementals
  2 ettin skeletons
  13 fire elementals
  3 golden eyes (Depths:1)
  15 vampire mosquitoes
  2 steam dragons
  4 chaos spawn
  3 neqoxecs
  3 hungry ghosts
  2 mottled dragons
  76 nagas
  A swamp worm (shapeshifter) (Vaults:1)
  A gelid demonspawn zombie (Crypt:3)
  31 swamp worms
  15 insubstantial wisps
  2 soldier ants
  3 wargs
  11 water moccasins
  2 floating eyes
  27 hell hounds
  6 porcupines
  A floating eye (shapeshifter) (Elf:3)
  56 orc warriors
  6 ice beasts
  5 sky beasts
  9 swamp drakes
  A snapping turtle zombie (Crypt:3)
  7 eyes of draining
  A black bear (shapeshifter) (Vaults:5)
  3 black bears (D:9)
  A phantom (D:7)
  A hog zombie (Crypt:3)
  3 necrophages
  An ogre (shapeshifter) (Vaults:5)
  7 boggarts
  51 ogres
  19 centaurs
  2 snapping turtle skeletons
  12 crocodiles
  The ghost of kazak the Slasher, an amateur HEWr (D:4)
  14 wolves
  4 big kobolds
  6 gnoll sergeants
  14 bullfrogs
  An earth elemental (Elf:2)
  A wyvern zombie (D:12)
  An elf skeleton (Crypt:3)
  A scorpion (D:12)
  A cyclops skeleton (Crypt:2)
  An orc simulacrum (Vaults:1)
  26 killer bees (D:13)
  2 electric eels
  17 wights
  3 howler monkeys
  A spriggan skeleton (Geh:1)
  5 bullfrog zombies
  6 lava snakes (Snake:2)
  4 centaur zombies
  9 crimson imps
  A human zombie (Ossuary)
  A human simulacrum (Vaults:1)
  4 quasits
  A soldier ant zombie (Crypt:2)
  7 centaur skeletons
  A demonspawn zombie (Crypt:1)
  8 hounds
  7 jellies
  27 orc wizards
  19 orc priests
  Crazy Yiuf (D:2)
  An iron imp (Zot:3)
  4 bullfrog skeletons
  11 iguanas
  Jessica (D:2)
  19 hell rats
  A lightning spire (Zot:2)
  10 worker ants
  3 big kobold zombies (Ossuary)
  A big kobold skeleton (Crypt:1)
  A mottled dragon skeleton (Crypt:3)
  A hound skeleton (D:8)
  22 mummies
  A howler monkey skeleton (D:8)
  2 worker ant zombies
  19 gnolls
  A hell rat skeleton (Crypt:3)
  26 adders
  12 river rats (Lair:4)
  2 shadow imps
  7 white imps (IceCv)
  4 ufetubi (IceCv)
  5 oozes (D:9)
  2 adder zombies
  An adder skeleton (D:6)
  4 worms
  2 dart slugs
  6 leopard geckos
  117 orcs
  4 ball pythons
  9 bats
  A bat zombie (D:6)
  7 giant cockroaches
  5 goblins
  6 hobgoblins
  11 jackals
  8 quokkas
  3 frilled lizards
  A frilled lizard (shapeshifter) (Vaults:2)
  A goblin zombie (Ossuary)
  13 hobgoblin zombies (Ossuary)
  2 jackal skeletons (D:4)
  21 kobolds
  7 kobold zombies (Ossuary)
  9 orc zombies
  3 quokka skeletons
  A quokka zombie (D:9)
  19 rats
  2 rat zombies
  A river rat skeleton (Crypt:1)
  2 bushes (Lair:1)
  4 crawling corpses (Vaults:5)
  31 fungi
  2 lurking horrors (Abyss:2)
  13 plants
  3 starspawn tentacles (Abyss:2)
  4 withered plants (Crypt:3)
3320 creatures vanquished.

Vanquished Creatures (collateral kills)
  2 Orb Guardians (Zot:5)
  2 sphinxes (Tomb:1)
  An acid blob (Slime:5)
  A storm dragon (Vaults:5)
  A tengu reaver (Crypt:1)
  A revenant (Crypt:2)
  An iron dragon (Depths:4)
  An entropy weaver (Zig:10)
  A very ugly thing (Depths:5)
  A spark wasp (Depths:5)
  A green draconian (Zot:3)
  A purple draconian (Depths:5)
  An ettin (Vaults:4)
  A deep elf death mage (Crypt:3)
  A yaktaur captain (Depths:5)
  An ice dragon (Lair:4)
  A hydra (Swamp:4)
  A catoblepas (Lair:5)
  A deep troll shaman (Depths:1)
  A naga sharpshooter (Snake:3)
  2 deep trolls
  A skeletal warrior (Crypt:1)
  A small abomination (Vaults:5)
  2 orb spiders (Zig:10)
  A deep elf mage (D:14)
  6 ugly things
  2 wolf spiders (Zig:10)
  A spiny frog (Lair:6)
  An ice devil (IceCv)
  A demonic crawler (Zig:10)
  A yaktaur (Depths:5)
  2 guardian mummies (Tomb:1)
  A bog body (Zig:11)
  2 redbacks (Zig:10)
  A wyvern (D:11)
  7 yaks
  An insubstantial wisp (Swamp:4)
  2 centaurs (Depths:1)
  A crocodile (Lair:6)
  A centaur skeleton (Crypt:1)
  A mummy (Tomb:1)
  An ufetubus (IceCv)
  A crawling corpse (Depths:5)
62 creatures vanquished.

Vanquished Creatures (others)
  A golden dragon (Zot:3)
  A draconian knight (Zot:3)
  2 centaur warriors
  2 deep elf magi
  A mana viper (Snake:4)
  A salamander (Depths:3)
  A slime creature (Depths:3)
  A redback (Zig:8)
  An ushabti (Tomb:1)
  A human (D:14)
  A mummy (Tomb:1)
  3 white imps (IceCv)
  An orc (Vaults:2)
  A ball python (Snake:1)
  A bush (Lair:1)
  2 crawling corpses
  5 fungi
  A lurking horror (Abyss:2)
  4 plants
  5 starspawn tentacles (Abyss:2)
36 creatures vanquished.

Grand Total: 3418 creatures vanquished

Notes
Turn   | Place    | Note
-------+----------+-------------------------------------------
     0 | D:1      | shitimlost the Gargoyle Gladiator began the quest for the Orb.
     0 | D:1      | Reached XP level 1. HP: 12/12 MP: 1/1
   106 | D:1      | Reached XP level 2. HP: 17/17 MP: 2/2
   667 | D:2      | Reached XP level 3. HP: 22/22 MP: 3/3
   856 | D:2      | Found a runed door.
   861 | D:2      | Noticed Crazy Yiuf
   866 | D:2      | Killed Crazy Yiuf
   866 | D:2      | Reached XP level 4. HP: 27/27 MP: 4/4
   954 | D:2      | Reached skill level 1 in Armour
  1080 | D:2      | Noticed Jessica
  1089 | D:2      | Killed Jessica
  1089 | D:2      | Reached XP level 5. HP: 28/32 MP: 5/5
  1159 | D:2      | Reached skill level 1 in Stealth
  1354 | D:3      | Found a snail-covered altar of Cheibriados.
  1385 | D:3      | Found a stormy altar of Qazlal.
  1389 | D:3      | Noticed an air elemental
  1390 | D:3      | Noticed a water elemental
  1390 | D:3      | Noticed a fire elemental
  1399 | D:3      | Became a worshipper of Qazlal Stormbringer
  1459 | D:3      | Reached skill level 3 in Fighting
  1993 | D:3      | Reached skill level 5 in Staves
  1993 | D:3      | Reached XP level 6. HP: 36/37 MP: 6/6
  2136 | D:4      | Noticed kazak's ghost (amateur HEWr)
  2229 | D:4      | Killed kazak's ghost
  2284 | D:4      | Reached * piety under Qazlal
  2293 | D:4      | Reached XP level 7. HP: 41/41 MP: 7/7
  2651 | D:4      | Found a deep blue altar of Sif Muna.
  2772 | D:4      | Found Faskaloi's Gadget Shoppe.
  2828 | D:5      | Entered Level 5 of the Dungeon
  2828 | D:5      | Found a bloodstained altar of Trog.
  3691 | D:6      | Reached XP level 8. HP: 33/46 MP: 5/8
  3735 | D:6      | Found a sparkling altar of Nemelex Xobeh.
  3866 | D:6      | Found a radiant altar of Vehumet.
  3913 | D:6      | Found an ancient bone altar of Kikubaaqudgha.
  3976 | D:6      | Reached ** piety under Qazlal
  4004 | D:6      | Found an opulent altar of Gozag.
  4017 | D:6      | Found a sand-covered staircase.
  4029 | Ossuary  | Entered an ossuary
  4154 | Ossuary  | Reached *** piety under Qazlal
  4380 | D:6      | Found Qyptio's Antique Armour Shop.
  4476 | D:6      | Reached skill level 10 in Staves
  4724 | D:7      | You fall through a shaft!
  5015 | D:7      | Reached XP level 9. HP: 42/50 MP: 9/9
  5060 | D:7      | Found an iron altar of Okawaru.
  5255 | D:7      | Reached **** piety under Qazlal
  5437 | D:7      | Found a staircase to the Ecumenical Temple.
  5783 | D:7      | Found a shadowy altar of Dithmenos.
  6094 | D:8      | Found Ocaakes's Jewellery Shoppe.
  6164 | D:8      | Found a sacrificial altar of Ru.
  6208 | D:8      | Noticed a two-headed ogre
  6212 | D:8      | Killed a two-headed ogre
  6620 | D:8      | Reached XP level 10. HP: 56/56 MP: 10/10
  6872 | D:9      | Reached ***** piety under Qazlal
  7084 | D:9      | Found a staircase to the Lair.
  7288 | D:9      | Noticed a kobold demonologist
  7291 | D:9      | Noticed a kobold demonologist
  7298 | D:9      | Killed a kobold demonologist
  7302 | D:9      | Killed a kobold demonologist
  7436 | D:9      | Found a shimmering altar of Xom.
  7870 | Lair:1   | Entered Level 1 of the Lair of Beasts
  7872 | Lair:1   | Noticed a four-headed hydra
  7880 | Lair:1   | Killed a four-headed hydra
  7880 | Lair:1   | Reached skill level 15 in Staves
  7880 | Lair:1   | Reached XP level 11. HP: 60/60 MP: 2/11
  7974 | Lair:1   | Reached skill level 4 in Fighting
  8213 | Lair:1   | Reached skill level 5 in Fighting
  8225 | Lair:1   | HP: 3/63 [blink frog (9)]
  9132 | Lair:2   | Reached skill level 6 in Fighting
  9156 | Lair:2   | Reached skill level 5 in Armour
  9156 | Lair:2   | Reached skill level 1 in Invocations
  9913 | Lair:3   | Found a staircase to the Swamp.
 10372 | Lair:4   | Reached skill level 7 in Fighting
 10412 | Lair:4   | Noticed a four-headed hydra
 10433 | Lair:4   | Killed a four-headed hydra
 10547 | Lair:4   | Found a frozen archway.
 10552 | Lair:4   | Noticed an ice dragon
 10562 | Lair:4   | Reached XP level 12. HP: 59/72 MP: 13/15
 10596 | Lair:4   | Killed an ice dragon
 10596 | Lair:4   | Reached skill level 8 in Fighting
 10596 | Lair:4   | Reached skill level 5 in Invocations
 10643 | IceCv    | Entered an ice cave
 10938 | Lair:4   | Found a staircase to the Snake Pit.
 11008 | Lair:4   | Noticed a four-headed hydra
 11014 | Lair:4   | Killed a four-headed hydra
 11578 | Lair:4   | Noticed a five-headed hydra
 11584 | Lair:4   | Killed a five-headed hydra
 11584 | Lair:4   | Reached skill level 9 in Fighting
 12028 | Lair:5   | Noticed a five-headed hydra
 12030 | Lair:5   | Killed a five-headed hydra
 12435 | Lair:5   | Found a shattered altar of Ashenzari.
 12824 | Lair:5   | Found a staircase to the Slime Pits.
 13075 | Lair:6   | Entered Level 6 of the Lair of Beasts
 13086 | Lair:6   | Reached skill level 10 in Fighting
 13135 | Lair:6   | Noticed Snorg
 13135 | Lair:6   | Reached XP level 13. HP: 37/83 MP: 4/19
 13148 | Lair:6   | Noticed Nessos
 13153 | Lair:6   | Killed Snorg
 13558 | Lair:6   | Reached skill level 11 in Fighting
 14063 | Lair:6   | Killed Nessos
 14063 | Lair:6   | Reached skill level 10 in Invocations
 14409 | Lair:6   | Reached skill level 12 in Fighting
 16550 | Lair:6   | Reached skill level 13 in Fighting
 16550 | Lair:6   | Gained mutation: Your large and strong wings let you fly indefinitely. [Gargoyle growth]
 16550 | Lair:6   | Reached XP level 14. HP: 70/94 MP: 10/22
 17120 | D:10     | Entered Level 10 of the Dungeon
 17147 | D:10     | Found a flagged portal.
 17150 | D:10     | Noticed Nergalle
 17153 | D:10     | Reached skill level 5 in Dodging
 17168 | D:10     | Killed Nergalle
 17267 | Bailey   | Entered a bailey
 18331 | Bailey   | Identified a scroll of acquirement
 18332 | Bailey   | Got a fine hat
 18343 | Bailey   | Identified the +2 hat of the Kettle-Drum {SInv} (You acquired it in a bailey)
 18441 | D:10     | Noticed GlassEater's ghost (journeyman KoFi)
 18518 | D:10     | Killed GlassEater's ghost
 18803 | D:10     | Noticed Erolcha
 18803 | D:10     | Noticed Maurice
 18807 | D:10     | Killed Erolcha
 18814 | D:10     | Killed Maurice
 19243 | D:11     | Reached skill level 1 in Crossbows
 19344 | D:11     | Reached skill level 14 in Fighting
 19353 | D:11     | Noticed Sonja
 19366 | D:11     | Killed Sonja
 19458 | D:11     | Found a staircase to the Orcish Mines.
 19625 | D:11     | Found a shadowy altar of Dithmenos.
 20604 | D:13     | Noticed Josephine
 20610 | D:13     | Killed Josephine
 21165 | D:13     | Reached skill level 5 in Crossbows
 21326 | D:13     | Reached skill level 15 in Fighting
 21354 | D:13     | Got a translucent leather armour
 21365 | D:13     | Identified the +2 leather armour "Isacvein" {rF- Str+4 Dex+4} (You found it on level 13 of the Dungeon)
 21815 | D:13     | Reached XP level 15. HP: 90/103 MP: 23/23
 22537 | D:13     | Found Jiuchao's Quality Used Wands.
 22872 | D:14     | Noticed Rupert
 23216 | D:14     | Found a gate to the Vaults.
 23844 | D:14     | Killed Rupert
 23844 | D:14     | Reached skill level 16 in Fighting
 24609 | D:15     | Entered Level 15 of the Dungeon
 24609 | D:15     | Found Rolol's Antique Armour Boutique.
 24702 | D:15     | Found Tiocor's Antique Weapon Boutique.
 24729 | D:15     | Bought a glowing great mace for 300 gold pieces
 24853 | D:15     | Reached skill level 10 in Crossbows
 25411 | D:15     | Noticed a frost giant
 25418 | D:15     | Killed a frost giant
 25485 | D:15     | Found Nane's General Store.
 25493 | D:15     | Bought a potion of resistance for 170 gold pieces
 25509 | D:15     | Reached XP level 16. HP: 110/110 MP: 16/24
 25781 | D:15     | Reached XP level 17. HP: 116/116 MP: 25/25
 25813 | D:15     | Found a staircase to the Depths.
 25870 | D:15     | Reached XP level 18. HP: 122/122 MP: 26/26
 26181 | Orc:1    | Entered Level 1 of the Orcish Mines
 26315 | Orc:1    | Found a roughly hewn altar of Beogh.
 26317 | Orc:1    | Found Rajueruo's Jewellery Shop.
 26555 | Orc:2    | Entered Level 2 of the Orcish Mines
 26779 | Orc:2    | Noticed Faca's ghost (journeyman MfBe)
 26818 | Orc:2    | Killed Faca's ghost
 27473 | Orc:2    | Found Saoxa's Jewellery Shoppe.
 27473 | Orc:2    | Found Gus Nac's Magic Scroll Shoppe.
 27474 | Orc:2    | Found Nowosh's Gadget Boutique.
 27474 | Orc:2    | Found Ebrujeb's Gadget Boutique.
 27605 | Orc:2    | Found a staircase to the Elven Halls.
 27826 | Orc:2    | Bought a +5 ring of slaying for 1137 gold pieces
 27838 | Orc:2    | Bought a fan of gales for 440 gold pieces
 28218 | Snake:1  | Entered Level 1 of the Snake Pit
 28652 | Snake:1  | Found Wugysaemp's Book Shoppe.
 28657 | Snake:1  | Found Zuthroari's Armour Emporium.
 28657 | Snake:1  | Found Kienoitt's Food Shoppe.
 28663 | Snake:1  | Found Ittoxega's Armour Emporium.
 29971 | Snake:2  | Reached skill level 15 in Crossbows
 31083 | Snake:3  | Found Ravomic's Food Boutique.
 31942 | Snake:4  | Entered Level 4 of the Snake Pit
 32190 | Snake:4  | Reached XP level 19. HP: 86/127 MP: 27/27
 32667 | Snake:4  | Reached ****** piety under Qazlal
 33783 | Snake:4  | Got a serpentine rune of Zot
 34823 | Swamp:1  | Entered Level 1 of the Swamp
 35490 | Swamp:1  | Reached XP level 20. HP: 109/133 MP: 30/30
 35923 | Swamp:2  | Got a faintly humming cloak
 35958 | Swamp:2  | Identified the +0 cloak of the Lich-sworn {MR+} (You found it on level 2 of the Swamp)
 36820 | Snake:1  | Bought the +3 pair of gauntlets of War {Slay+5} for 855 gold pieces
 37426 | Swamp:3  | Identified a +0 pair of boots of running (You found it on level 3 of the Swamp)
 37636 | Swamp:4  | Entered Level 4 of the Swamp
 37802 | Swamp:4  | Noticed Bai Suzhen
 38209 | Swamp:4  | Killed Bai Suzhen
 38671 | Swamp:4  | Got a decaying rune of Zot
 39327 | Lair:1   | Learned a level 5 spell: Lee's Rapid Deconstruction
 39463 | Elf:1    | Entered Level 1 of the Elven Halls
 39481 | Elf:1    | Found a radiant altar of Vehumet.
 39969 | Elf:1    | Found Icuvixus's Book Shop.
 40193 | Elf:1    | Found Howk's Armour Shop.
 40207 | Elf:1    | Found Jysha's Assorted Antiques.
 40705 | Elf:2    | Found a huge runed gate.
 40705 | Elf:2    | Found a huge runed gate.
 40706 | Elf:2    | Found a huge runed gate.
 40776 | Elf:2    | Reached XP level 21. HP: 133/138 MP: 31/31
 41016 | Elf:2    | Reached skill level 10 in Dodging
 41289 | Elf:2    | Found Doih's General Store.
 41371 | Elf:2    | Found Hylehy's Jewellery Shop.
 41504 | Elf:2    | Found Peaq's General Store.
 41514 | Elf:2    | Bought a scroll of blinking for 127 gold pieces
 41578 | Elf:2    | Found Lomi's Food Shop.
 41634 | Elf:3    | Entered Level 3 of the Elven Halls
 41634 | Elf:3    | Found Jilizog's Jewellery Shoppe.
 41634 | Elf:3    | Found Ceedaduu's Jewellery Shoppe.
 41634 | Elf:3    | Found Dasesawk's Gadget Boutique.
 41697 | Elf:3    | Upgraded the game from 0.20-a0-40-gb6e7b4f to 0.20-a0-45-gb3e417c
 41899 | Depths:1 | Entered Level 1 of the Depths
 42008 | Depths:1 | Noticed Aizul
 42024 | Depths:1 | Killed Aizul
 42024 | Depths:1 | Reached skill level 17 in Fighting
 42281 | Depths:1 | Reached skill level 15 in Invocations
 42348 | Depths:1 | Found a shattered altar of Ashenzari.
 42445 | Depths:1 | Found a gateway to Hell.
 42729 | Depths:1 | Reached skill level 1 in Earth Magic
 42811 | Depths:1 | Reached skill level 1 in Evocations
 43991 | Depths:2 | Reached skill level 5 in Earth Magic
 43995 | Depths:2 | Reached XP level 22. HP: 146/146 MP: 19/33
 44565 | Depths:2 | Reached skill level 18 in Fighting
 44829 | Depths:2 | Reached skill level 5 in Evocations
 45024 | Depths:2 | Noticed Jory
 45043 | Depths:2 | Killed Jory
 45262 | Depths:2 | Found a portal to a secret trove of treasure.
 45333 | Depths:2 | Found a basalt altar of Yredelemnul.
 45727 | Depths:3 | Noticed a golden dragon
 45743 | Depths:3 | Killed a golden dragon
 45787 | Depths:3 | HP: 1/148 [ice dragon/blast of cold (49)]
 46595 | Depths:3 | Found a one-way gate leading to the halls of Pandemonium.
 46634 | Depths:3 | Cast into level 3 of the Abyss (spriggan rider)
 46634 | Abyss:3  | Found a corrupted altar of Lugonu.
 46678 | Depths:3 | Escaped the Abyss
 46777 | Depths:3 | Reached skill level 10 in Earth Magic
 46876 | Depths:3 | Reached skill level 19 in Fighting
 46912 | Depths:3 | Found Bovuutz's Assorted Antiques.
 47163 | Depths:3 | Reached XP level 23. HP: 155/155 MP: 34/34
 47811 | Depths:4 | Found a gateway to a ziggurat.
 48477 | Depths:4 | Got a crude quarterstaff
 48759 | Depths:4 | Found a one-way gate to the infinite horrors of the Abyss.
 49630 | Elf:1    | Bought the +0 mask of the Dragon {MR+ Slay+3 SInv} for 434 gold pieces
 49822 | Elf:3    | Found Zotowean's Antique Weapon Shoppe.
 50498 | Elf:3    | Reached skill level 20 in Fighting
 51008 | Elf:3    | Got a heavily runed bronze ring
 51010 | Elf:3    | Identified the ring "Buolil" {*Corrode rPois rF+ Dex+2 SInv} (You took it off a deep elf annihilator on level 3 of the Elven Halls)
 51113 | Elf:3    | Identified the Compendium of Burning Necromancy
 51129 | Elf:3    | Got a transparent glass ring
 51131 | Elf:3    | Identified the ring of Finality {rCorr Str+3 Int-5} (You found it on level 3 of the Elven Halls)
 51158 | Elf:3    | Identified The Last Secrets of Wizardry
 51174 | Elf:3    | Identified Further Steps in Sorcery
 51428 | Vaults:1 | Entered Level 1 of the Vaults
 52347 | Vaults:1 | Found Oqezo's Book Shoppe.
 52811 | Vaults:2 | Reached XP level 24. HP: 164/164 MP: 35/35
 52913 | Vaults:2 | Found a shadowy altar of Dithmenos.
 53015 | Vaults:2 | Found a staircase to the Crypt.
 53491 | Vaults:2 | Reached skill level 21 in Fighting
 53659 | Vaults:2 | Found Vexkinyw's Magic Scroll Shop.
 54570 | Vaults:3 | Reached skill level 5 in Throwing
 55037 | Vaults:3 | Found Puopazaxt's Assorted Antiques.
 55045 | Vaults:3 | Bought 2 potions of heal wounds for 310 gold pieces
 55675 | Vaults:4 | Paralysed by a floating eye for 3 turns
 55708 | Vaults:4 | Found Virooni's Weapon Shop.
 55743 | Vaults:4 | Got a pair of crude gloves
 55754 | Vaults:4 | Identified the +0 pair of gloves "Upadgh" {Str+4 Int+2} (You acquired it on level 4 of the Vaults)
 56028 | Elf:1    | Bought a scroll of enchant weapon for 240 gold pieces
 56396 | Vaults:4 | Reached skill level 10 in Throwing
 56531 | Vaults:4 | Reached XP level 25. HP: 171/171 MP: 35/35
 56685 | Vaults:4 | Identified Sif Muna's Disquisition on Ice
 56868 | Vaults:5 | Entered Level 5 of the Vaults
 56947 | Vaults:5 | Found Laturouts's Antique Weapon Shoppe.
 57061 | Vaults:5 | Noticed Frederick
 57074 | Vaults:5 | Killed Frederick
 57211 | Vaults:5 | Noticed wtface's ghost (legendary FoFi)
 57283 | Vaults:5 | Killed wtface's ghost
 57341 | Vaults:5 | Reached skill level 15 in Throwing
 57472 | Vaults:5 | Identified Jushehinyn's Incunabulum of the Battered Songs
 57546 | Vaults:5 | Reached XP level 26. HP: 102/177 MP: 35/35
 57578 | Vaults:5 | Got a clouded iron ring
 57580 | Vaults:5 | Identified the ring "Piyt" {rC+ Dex+3 Stlth-} (You took it off a yaktaur captain on level 5 of the Vaults)
 58288 | Vaults:5 | Got a pitted wooden ring
 58290 | Vaults:5 | Identified the ring "Jistachy" {Wiz rPois Str+5 SInv} (You found it on level 5 of the Vaults)
 58298 | Vaults:5 | Got a silver rune of Zot
 58451 | Crypt:1  | Entered Level 1 of the Crypt
 58619 | Crypt:1  | Noticed Sojobo
 58632 | Crypt:1  | Killed Sojobo
 58996 | Crypt:1  | Upgraded the game from 0.20-a0-45-gb3e417c to 0.20-a0-46-g4a4b873
 61253 | Crypt:3  | Entered Level 3 of the Crypt
 63643 | Crypt:3  | Reached XP level 27. HP: 118/182 MP: 31/36
 64436 | Crypt:3  | Found a staircase to the Tomb.
 64712 | Crypt:3  | Found a basalt altar of Yredelemnul.
 64715 | Crypt:3  | Found an ancient bone altar of Kikubaaqudgha.
 64734 | Crypt:3  | Identified Weig's Compendium of Dark Rituals
 64777 | Crypt:3  | Got a glittering glass ring
 64779 | Crypt:3  | Identified the ring of Bedirch {+Inv rPois rN+} (You found it on level 3 of the Crypt)
 64782 | Crypt:3  | Got a smoking lapis lazuli ring
 64783 | Crypt:3  | Identified the ring "Diskusif" {rC+ rN+} (You found it on level 3 of the Crypt)
 64786 | Crypt:3  | Got a wavering bone ring
 64787 | Crypt:3  | Identified the ring of Loptohaexao {rF++ rN+ MR- Dex+4 Stlth+} (You found it on level 3 of the Crypt)
 65530 | Depths:5 | Entered Level 5 of the Depths
 65785 | Depths:5 | Noticed an ancient lich
 65800 | Depths:5 | Killed an ancient lich
 66255 | Depths:5 | Upgraded the game from 0.20-a0-46-g4a4b873 to 0.20-a0-51-g027d3fc
 66352 | Depths:5 | Reached skill level 15 in Dodging
 66705 | Depths:5 | Found a gate to the Realm of Zot.
 67643 | Slime:1  | Entered Level 1 of the Pits of Slime
 68054 | Slime:2  | Gained mutation: You are frail. (-10% HP) [a shining eye]
 68300 | Slime:3  | Noticed Dissolution
 68314 | Slime:3  | Paralysed by a floating eye for 4 turns
 68318 | Slime:3  | Killed Dissolution
 69210 | Slime:5  | Entered Level 5 of the Pits of Slime
 69261 | Slime:5  | Noticed the Royal Jelly
 69269 | Slime:5  | Killed the Royal Jelly
 69395 | Slime:4  | Gained mutation: You are weak. (Str -2) [a shining eye]
 69687 | Slime:5  | Reached skill level 10 in Armour
 69706 | Slime:5  | Reached skill level 22 in Fighting
 69889 | Slime:5  | Got a slimy rune of Zot
 70056 | Slime:5  | Identified the Volume of Execration
 70649 | Zig:1    | Entered Level 1 of a ziggurat
 70667 | Zig:2    | Entered Level 2 of a ziggurat
 70690 | Zig:3    | Entered Level 3 of a ziggurat
 70722 | Zig:4    | Entered Level 4 of a ziggurat
 70753 | Zig:5    | Entered Level 5 of a ziggurat
 70790 | Zig:5    | Got a flickering pewter ring
 70792 | Zig:5    | Identified the ring "Heqaracw" {rF+ rC+ Slay+2} (You found it on level 5 of a ziggurat)
 70966 | Zig:6    | Entered Level 6 of a ziggurat
 71048 | Zig:6    | Got a polished cloak
 71059 | Zig:6    | Identified the cursed -4 cloak "Zorey" {*Corrode Int+3 Dex+3} (You found it on level 6 of a ziggurat)
 71084 | Zig:7    | Entered Level 7 of a ziggurat
 71180 | Zig:8    | Entered Level 8 of a ziggurat
 71258 | Zig:9    | Entered Level 9 of a ziggurat
 71274 | Zig:9    | Gained mutation: You possess an exceptional clarity of mind. [a shining eye]
 71276 | Zig:9    | Gained mutation: Your spells are a little easier to cast, but a little less powerful. [a shining eye]
 71287 | Zig:9    | Gained mutation: Scrolls take you a little longer to read. [a shining eye]
 71776 | Zig:10   | Entered Level 10 of a ziggurat
 71904 | Zig:11   | Entered Level 11 of a ziggurat
 71983 | Zig:11   | Reached skill level 23 in Fighting
 72198 | Zig:11   | Upgraded the game from 0.20-a0-51-g027d3fc to 0.20-a0-59-g66a9409
 73579 | Depths:2 | You paid a toll of +2 storm dragon scales to enter a treasure trove
 73580 | Trove    | Entered a treasure trove
 73667 | Trove    | Identified Sif Muna's Handbook of the Compass
 73685 | Trove    | Identified Sif Muna's Disquisition on the Hurtful Compass
 73690 | Trove    | Identified Sif Muna's Grimoire of Necromancy and Beguiling
 73877 | Zot:1    | Entered Level 1 of the Realm of Zot
 76445 | Zot:2    | Reached skill level 15 in Armour
 77035 | Zot:3    | Lost mutation: You possess an exceptional clarity of mind. [potion of cure mutation]
 77035 | Zot:3    | Lost mutation: Scrolls take you a little longer to read. [potion of cure mutation]
 77035 | Zot:3    | Lost mutation: You are frail. (-10% HP) [potion of cure mutation]
 77035 | Zot:3    | Lost mutation: Your spells are a little easier to cast, but a little less powerful. [potion of cure mutation]
 77135 | Zot:3    | Noticed an orb of fire
 77137 | Zot:3    | Killed an orb of fire
 77859 | Zot:3    | Upgraded the game from 0.20-a0-59-g66a9409 to 0.20-a0-61-ga1b20b4
 78783 | Hell     | Entered the Vestibule of Hell
 78783 | Hell     | Noticed Geryon
 79299 | Depths:1 | Reached skill level 24 in Fighting
 81349 | Hell     | Killed Geryon
 81433 | Hell     | Found a gateway to the decaying netherworld of Tartarus.
 81482 | Hell     | Found a gateway to the freezing wastes of Cocytus.
 81621 | Hell     | Found a gateway to the Iron City of Dis.
 81686 | Hell     | Found a gateway to the ashen valley of Gehenna.
 82170 | Tomb:1   | Entered Level 1 of the Tomb of the Ancients
 82343 | Tomb:1   | Noticed Mara
 82355 | Tomb:1   | Noticed shitimlost's illusion
 82373 | Tomb:1   | Killed Mara
 82400 | Tomb:1   | Reached skill level 10 in Evocations
 82731 | Tomb:1   | Noticed a greater mummy
 82755 | Tomb:1   | Killed a greater mummy
 82761 | Tomb:1   | Noticed a greater mummy
 82770 | Tomb:1   | Noticed a greater mummy
 82770 | Tomb:1   | Noticed a greater mummy
 83278 | Tomb:1   | Killed a greater mummy
 84371 | Geh:1    | Entered Level 1 of Gehenna
 84635 | Geh:1    | Cast into level 2 of the Abyss (hell knight)
 85063 | Geh:1    | Escaped the Abyss
 86198 | Zot:4    | Reached skill level 15 in Evocations
 87107 | Zot:5    | Entered Level 5 of the Realm of Zot
 87174 | Zot:5    | Lost mutation: You are weak. (Str -2) [potion of cure mutation]
 87175 | Zot:5    | Gained mutation: You have large cloven feet. [potion of beneficial mutation]
 87317 | Zot:5    | Reached skill level 1 in Unarmed Combat
 87433 | Zot:5    | Noticed an ancient lich
 87442 | Zot:5    | Killed an ancient lich
 87493 | Zot:5    | Noticed an orb of fire
 87494 | Zot:5    | Gained mutation: You are weak. (Str -2) [an orb of fire]
 87499 | Zot:5    | Killed an orb of fire
 87529 | Zot:5    | Noticed an orb of fire
 87533 | Zot:5    | Gained mutation: Scrolls take you a little longer to read. [an orb of fire]
 87536 | Zot:5    | Gained mutation: You tend to lose your temper in combat. [an orb of fire]
 87553 | Zot:5    | Killed an orb of fire
 87997 | Zot:5    | Reached skill level 25 in Fighting
 88009 | Zot:5    | Noticed an ancient lich
 88013 | Zot:5    | Noticed an ancient lich
 88019 | Zot:5    | Killed an ancient lich
 88026 | Zot:5    | Killed an ancient lich
 88167 | Zot:5    | Noticed an orb of fire
 88168 | Zot:5    | Noticed an orb of fire
 88171 | Zot:5    | Gained mutation: You are frail. (-10% HP) [an orb of fire]
 88184 | Zot:5    | Gained mutation: Armour fits poorly on your strangely shaped body. [an orb of fire]
 88190 | Zot:5    | Killed an orb of fire
 88193 | Zot:5    | Killed an orb of fire
 88469 | Zot:5    | Noticed an orb of fire
 88489 | Zot:5    | Gained mutation: You are dopey. (Int -2) [an orb of fire]
 88491 | Zot:5    | Gained mutation: You are very frail. (-20% HP) [an orb of fire]
 88492 | Zot:5    | Gained mutation: Your magical capacity is low. (-10% MP) [an orb of fire]
 88514 | Zot:5    | Gained mutation: You regenerate slowly when monsters are visible. [an orb of fire]
 88517 | Zot:5    | Gained mutation: You often lose your temper in combat. [an orb of fire]
 89196 | Zot:4    | Lost mutation: You are very frail. (-20% HP) [potion of cure mutation]
 89196 | Zot:4    | Lost mutation: You have large cloven feet. [potion of cure mutation]
 89196 | Zot:4    | Lost mutation: Your magical capacity is low. (-10% MP) [potion of cure mutation]
 89196 | Zot:4    | Lost mutation: Scrolls take you a little longer to read. [potion of cure mutation]
 89196 | Zot:4    | Lost mutation: You often lose your temper in combat. [potion of cure mutation]
 89292 | Zot:5    | Lost mutation: You regenerate slowly when monsters are visible. [an orb of fire]
 89292 | Zot:5    | Gained mutation: Your spells are a little easier to cast, but a little less powerful. [an orb of fire]
 89295 | Zot:5    | Gained mutation: You have a pair of small horns on your head. [an orb of fire]
 89300 | Zot:5    | Killed an orb of fire
 89300 | Zot:5    | Reached skill level 26 in Fighting
 89669 | Zot:5    | Got the Orb of Zot
 90278 | D:14     | Noticed Juupalua the pandemonium lord
 90294 | D:14     | HP: 6/176 [acid (10)]
 90310 | D:14     | HP: 6/176 [Juupalua the pandemonium lord/bolt of acid (23)]
 90310 | D:14     | Splashed by Juupalua the pandemonium lord's acid

Vault maps used:
D:1:      scummos_arrival_simple_crosswalls, wad_floor_pattern_1
D:2:      uniq_crazy_yiuf_cottage, uniq_jessica
D:3:      nicolae_qazlal_style_of_elements, cheibriados_altar_1, minivault_27,
          minivault_5
D:4:      led_sif_book, serial_shops, shop, lemuel_another_geyser
D:5:      bloody_trog, first_bread, serial_bayou_lake_a
D:6:      lemuel_doored_altar, lemuel_zombie_altar_kikubaaqudgha,
          old_standard_altar, serial_shops, shop,
          nicolae_ossuary_entry_monument, basic_altar
D:7:      lemuel_coloured_pillars_altar, kennysheep_little_box
D:8:      lemuel_crystal_altar, serial_shops, kennysheep_mini_moat
D:9:      tgw_xom, erik_lair_dragon, hangedman_little_slice_of_home
D:10:     enter_bailey_2, hangedman_abyss_or_decor_stabs, uniq_erolcha,
          uniq_nergalle, uniq_maurice
D:11:     kennysheep_orc_monster_closet_entryway,
          grunt_dithmenos_smoke_and_mirrors, uniq_sonja
D:12:     wad_crossroads
D:13:     special_room, nicolae_for_you_no_charge, uniq_josephine
D:14:     david_vaults_3, infiniplex_staircase_spiral_double
D:15:     grunt_enter_depths_snipers, grunt_decor_fettered, serial_shops, shop,
          shop, shop
Lair:1:   minmay_hedge_maze, serial_bayou_shore_a
Lair:2:   lemuel_fruit_tree
Lair:3:   nicolae_swamp_entry_splash_gauntlet, infiniplex_staircase_pool
Lair:4:   lemuel_ratsnest, minmay_snake_entry_guardpost_small,
          portal_ice_cave_entry_animals_and_master
Lair:5:   dpeg_slime_entry_corner, lemuel_centaur_altar
Lair:6:   evilmike_catoblepas_cave, uniq_snorg, uniq_nessos
Swamp:1:  evilmike_swamp_ruin_house_5
Swamp:2:  evilmike_swamp_ruin_house_2, swamp_pool3
Swamp:3:  evilmike_swamp_ruin_house_1
Swamp:4:  swamp_alternative, uniq_bai_suzhen
Snake:1:  serial_corexii_hall, corexii_hall_statues_i,
          corexii_hall_statues_deadend, corexii_hall_statues_t,
          minmay_snake_pond, minmay_shoptagon, serial_bayou_shore_b, uniq_rupert
Snake:2:  nicolae_snake_lava_pool
Snake:3:  serial_shops, shop
Snake:4:  grunt_snake_rune_spirals, grunt_ministairs_3, st_stairs_9,
          serial_bayou_crossing
Slime:3:  uniq_dissolution
Orc:1:    basic_altar, serial_shops, shop, uniq_urug
Orc:2:    st_orc_elflike
Elf:1:    eino_elf_arrival_altar, serial_shops, shop_statue, shop,
          shop_fountains, hangedman_corner_corridor
Elf:2:    serial_shops, shop, nicolae_shop_crystal, nicolae_shop_behind_doors,
          shop, lemuel_flamethrower_1
Elf:3:    grunt_elf_hall_asides, serial_shops, nicolae_shop_trees,
          minmay_shop_grove
Vaults:1: hangedman_vaults_unwind, nicolae_vaults_border_crossing,
          nicolae_vaults_gold_heap, v_misc_14, hangedman_vaults_impose,
          v_alt_pattern_3, ontoclasm_vaults_twist, vaults_standard_mumra_x,
          ontoclasm_vaults_fault, serial_shops, nicolae_shop_crystal
Vaults:2: vaults_room_fours, minmay_crypt_entry_simple_walls, v_pattern_3,
          v_misc_5, vaults_room_hallway, ontoclasm_vaults_ring_small,
          hangedman_vaults_river_flow, vaults_room_boxed, v_misc_26,
          ontoclasm_vaults_ligature, vaults_mumra_lcd, grunt_vaults_diagonal,
          basic_altar, serial_shops, shop
Vaults:3: nicolae_vaults_yaktaur_gun_rack, ontoclasm_vaults_ring_large,
          nicolae_vaults_windows_and_doors_thing, v_misc_8,
          ontoclasm_vaults_decontamination, st_hourglassy,
          hangedman_vaults_cutoff, vaults_room_stairs_pillars,
          vaults_room_mumra_shop_pool
Vaults:4: dpeg_vaults_monster_box, st_greater_box_3, serial_shops
Vaults:5: uniq_frederick
Crypt:1:  uniq_sojobo
Crypt:2:  minivault_4, roderic_lattice_octagonal_star
Crypt:3:  lightli_unholy_cathedral, tomb_entry_forgotten_bobbens
Tomb:1:   uniq_mara
Depths:1: pf_coc_iceberg, minmay_misc_feat_x, ashenzari_altar_1, uniq_aizul
Depths:2: lemuel_vampire_tower, nicolae_trove_entry_columns,
          minmay_misc_feat_roman, pf_hell_entry_tar_river
Depths:3: minmay_bloctagon, roderic_lattice_a, grunt_metal_band, pan_entry,
          serial_shops, shop, fountainhead, nrook_pool_corridor
Depths:4: kennysheep_funnel, ziggurat_fallback, abyss_entry_small_statue_room,
          hell_entry, kilobyte_mutagenic_chamber, minmay_staircase_statues
Depths:5: grunt_runaround, abyss_entry, hell_entry
Zot:2:    kennysheep_blocky_hall, amethyst_zot_foddershock,
          basic_stair_grate_trap
Zot:3:    grunt_zot_stairs_mandelzot
Zot:4:    st_stairs_11
Zot:5:    grunt_ministairs_9
Abyss:2:  due_exit_kobolds, evilmike_abyss_exit_12
Abyss:3:  hangedman_elemental_corridor, doesnt_abyss_rune_brain_food,
          evilmike_abyss_exit_8
Zig:7:    ziggurat_pillar_centre_dead_trees
Trove:    trove_library
Ossuary:  ossuary_tomb_1
Bailey:   bailey_polearm_2, bailey
IceCv:    ice_cave_small_demon

Skill      XL: |  1  2  3  4  5  6  7  8  9 10 11 12 13 14 15 16 17 18 19 20 21 22 23 24 25 26 27 |
---------------+----------------------------------------------------------------------------------+-----
Staves         | 4 5 6 8 10 13 15 17 21 | 21.1
Armour         | 1 6 8 15 | 15.0
Dodging        | 3 4 6 9 11 12 14 19 | 19.0
Stealth        | 1 |  1.0
Fighting       | 3 7 10 13 15 16 17 19 20 21 26 | 26.5
Invocations    | 4 8 11 14 15 17 19 25 | 25.2
Crossbows      | 5 11 12 16 18 | 18.1
Throwing       | 4 10 15 16 20 | 20.4
Earth Magic    | 5 10 | 10.8
Evocations     | 3 7 8 16 | 16.2
Unarmed Combat | 1 |  1.7
Axes           | |  0.5

Action                   |  1- 3 |  4- 6 |  7- 9 | 10-12 | 13-15 | 16-18 | 19-21 | 22-24 | 25-27 || total
-------------------------+-------+-------+-------+-------+-------+-------+-------+-------+-------++-------
Melee: Quarterstaff      |    84 |   104 |   390 |   650 |  1487 |   650 |   675 |       |       ||  4040
       War axe           |       |    25 |       |       |       |       |       |       |       ||    25
       Lajatang          |       |       |       |       |       |       |   807 |  1742 |  4631 ||  7180
       Headbutt          |       |       |       |       |       |       |       |       |    46 ||    46
 Fire: Longbow           |       |       |       |       |     1 |       |       |       |       ||     1
       Arbalest          |       |       |       |       |    20 |   179 |   280 |       |       ||   479
       Hand crossbow     |       |       |       |       |     9 |       |       |       |       ||     9
Throw: Throwing net      |     1 |       |       |     1 |     1 |       |     5 |     3 |     5 ||    16
       Javelin           |       |       |       |       |       |       |       |    14 |   377 ||   391
Invok: Upheaval          |       |       |       |     9 |    36 |     7 |    25 |    27 |    32 ||   136
       Elemental Force   |       |       |       |     4 |     7 |       |     5 |     5 |    35 ||    56
       Disaster Area     |       |       |       |       |       |       |       |     1 |     3 ||     4
 Abil: Fly               |       |       |       |       |     1 |       |       |     1 |       ||     2
       Stop Flying       |       |       |       |       |       |       |       |     1 |       ||     1
Evoke: Wand              |       |       |       |    13 |     6 |     4 |    12 |    23 |    41 ||    99
       Fan of gales      |       |       |       |       |       |       |     1 |     1 |     2 ||     4
       Lamp of fire      |       |       |       |       |       |       |       |     1 |     2 ||     3
       Horn of Geryon    |       |       |       |       |       |       |       |       |     2 ||     2
  Use: Scroll            |     1 |    11 |     7 |     4 |    20 |     6 |    19 |    18 |    48 ||   134
       Potion            |       |       |       |     1 |     8 |     4 |     9 |     5 |    28 ||    55
 Stab: Paralysed         |       |     1 |       |     2 |     2 |     9 |     5 |       |       ||    19
       Petrifying        |       |       |     1 |     1 |     5 |     3 |     3 |       |     1 ||    14
       Confused          |       |       |     3 |     3 |     7 |     4 |     2 |       |     1 ||    20
       Petrified         |       |       |     2 |       |     4 |     5 |       |       |       ||    11
       Distracted        |       |       |       |     1 |       |       |     1 |       |     4 ||     6
       Held in net/web   |       |       |       |       |     2 |       |     3 |       |     5 ||    10
       Invisible         |       |       |       |       |     2 |       |       |       |       ||     2
  Eat: Chunk             |       |     5 |     8 |     4 |    10 |     4 |     1 |     6 |    21 ||    59
       Pizza             |       |       |     1 |     1 |     1 |     1 |       |       |     9 ||    13
       Fruit             |       |       |     4 |     7 |       |     3 |     6 |     4 |     7 ||    31
       Beef jerky        |       |       |       |     1 |     1 |       |       |       |     2 ||     4
       Meat ration       |       |       |       |     2 |     3 |       |     4 |     2 |     7 ||    18
       Bread ration      |       |       |       |       |     1 |       |       |     1 |     5 ||     7
       Royal jelly       |       |       |       |       |     6 |     6 |     9 |     7 |     4 ||    32
Armor: Leather armour    |    30 |    17 |       |       |     8 |       |       |       |       ||    55
       Ring mail         |       |    30 |   120 |   185 |   252 |       |       |       |       ||   587
       Chain mail        |       |       |       |       |   293 |   304 |   899 |   992 |  3413 ||  5901
Dodge: Dodged            |    69 |    76 |   137 |   209 |   574 |   254 |   675 |   828 |  3400 ||  6222
       Deflected         |       |       |     2 |     6 |    17 |    45 |    88 |    93 |   122 ||   373
Block: Other             |       |     1 |    40 |   119 |   229 |   135 |   502 |   504 |  1782 ||  3312
